 Dungeon Crawl Stone Soup version 0.28-a0-239-g68911e0c57 (webtiles) character file.

Game seed: 16941266048793326746

19446 vjdnkdk the Geomancer (level 12, -5/81 HPs)
             Began as a Gargoyle Earth Elementalist on Aug 23, 2021.
             Was an Elder of Vehumet.
             Slain by Rupert (24 damage)
             ... on level 12 of the Dungeon.
             The game lasted 00:45:58 (16800 turns).

vjdnkdk the Geomancer (GrEE)                       Turns: 16800, Time: 00:45:59

Health: -5/81      AC: 29    Str: 13    XL:     12   Next: 69%
Magic:  0/21       EV: 17    Int: 20    God:    Vehumet [****..]
Gold:   2099       SH:  0    Dex: 10    Spells: 2/27 levels left

rFire   + . .      SeeInvis .   i - +1 demon whip (vamp)
rCold   + . .      Faith    .   (no shield)
rNeg    + + .      Spirit   .   d - +5 steam dragon scales
rPois   ∞          Reflect  .   f - +0 helmet of Wu Jian's Wrath {rPois rN+}
rElec   +          Harm     .   t - +0 cloak
rCorr   +          Rampage  .   v - +0 pair of gloves
Will    .....                   A - +0 pair of boots
Stlth   ++........              h - amulet "Juddoy" {rF+ rC+ Regen+ rCorr}
HPRegen 1.23/turn               a - +4 ring of protection
MPRegen 0.17/turn               n - +4 ring of evasion

@: no status effects
A: sickness immunity, AC +8, negative energy resistance 1, electricity
resistance, torment resistance 1, petrification resistance, low mp 1, robust 2
a: Renounce Religion


You were on level 12 of the Dungeon.
You worshipped Vehumet.
Vehumet was greatly pleased with you.
You visited 2 branches of the dungeon, and saw 13 of its levels.
You also visited: Trove and Gauntlet.

You collected 2561 gold pieces.
You spent 462 gold pieces at shops.

Inventory:

Hand Weapons
 i - a +1 vampiric demon whip (weapon)
 u - a +3 flail
Missiles
 c - 102 stones
 k - a throwing net
Armour
 d - +5 steam dragon scales (worn)
 f - the +0 helmet of Wu Jian's Wrath (worn) {rPois rN+}
   (You found it in a Gauntlet)

   rPois:     It protects you from poison.
   rN:        It protects you from negative energy.
 t - a +0 cloak (worn)
 v - a +0 pair of gloves (worn)
 x - a +2 robe of cold resistance
 A - a +0 pair of boots (worn)
Jewellery
 a - a +4 ring of protection (left hand)
 h - the amulet "Juddoy" (around neck) {rF+ rC+ Regen+ rCorr}
   (You took it off a minotaur in a Gauntlet)

   [amulet of regeneration]

   rF:        It protects you from fire.
   rC:        It protects you from cold.
   Regen:     It increases your rate of health regeneration.
   rCorr:     It protects you from acid and corrosion.
 n - a +4 ring of evasion (right hand)
 y - a ring of ice
Wands
 e - a wand of polymorph (9)
Scrolls
 l - 4 scrolls of teleportation
 m - 2 scrolls of blinking
 o - 6 scrolls of magic mapping
 q - a scroll of immolation
 B - 2 scrolls of fog
Potions
 b - 2 potions of curing
 j - a potion of resistance
 r - a potion of lignification
 z - a potion of cancellation


   Skills:
 + Level 5.4 Fighting
 + Level 5.1 Maces & Flails
 + Level 5.5 Armour
 + Level 4.5 Dodging
 - Level 2.1 Stealth
 + Level 8.0 Spellcasting
 + Level 8.7 Conjurations
 - Level 7.0 Hexes
 - Level 5.0 Transmutations
 + Level 10.5 Earth Magic
 + Level 4.5 Evocations


You had 2 spell levels left.
You knew the following spells:

 Your Spells              Type           Power      Damage    Failure   Level
a - Sandblast             Erth           100%       2d20      1%          1
b - Stone Arrow           Conj/Erth      92%        3d12      1%          3
c - Lee's Rapid Deconstr  Erth           25%        3d15*     1%          5
d - Iron Shot             Conj/Erth      23%        9d5       7%          6
e - Irradiate             Conj/Tmut      17%        3d19      4%          5
f - Yara's Violent Unrav  Hex/Tmut       16%        3d8       5%          5

Your spell library contained the following spells:

 Spells                   Type           Power      Damage    Failure   Level
 Iskenderun's Battlesphe  Conj           43%        2d9       1%          5
 Foxfire                  Conj/Fire      100%       2x1d9     1%          1
 Magic Dart               Conj           100%       1d8       1%          1
 Passwall                 Tmut/Erth      32%        N/A       1%          2
 Slow                     Hex            36%        N/A       1%          2
 Ensorcelled Hibernation  Hex/Ice        44%        N/A       3%          2
 Animate Skeleton         Necr           16%        N/A       9%          1
 Pain                     Necr           32%        1d5       9%          1
 Summon Small Mammal      Summ           32%        N/A       9%          1
 Call Imp                 Summ           8%         N/A       13%         2
 Confusing Touch          Hex            36%        N/A       1%          3
 Mephitic Cloud           Conj/Pois/Air  19%        N/A       2%          3
 Leda's Liquefaction      Hex/Erth       21%        N/A       2%          4
 Petrify                  Tmut/Erth      39%        N/A       3%          4
 Cause Fear               Hex            18%        N/A       4%          4
 Portal Projectile        Hex/Tloc       44%        N/A       6%          3
 Animate Armour           Summ/Erth      58%        N/A       10%         4
 Vampiric Draining        Necr           4%         2d6       26%         3
 Borgnjor's Vile Clutch   Necr/Erth      14%        N/A       26%         5
 Blade Hands              Tmut           14%        N/A       30%         5
 Starburst                Conj/Fire      12%        6d5       45%         6
 Silence                  Hex/Air        11%        N/A       50%         5
 Dispel Undead            Necr           8%         3d8       63%         4
 Death Channel            Necr           4%         N/A       100%        6
 Simulacrum               Ice/Necr       4%         N/A       100%        6
 Haunt                    Necr/Summ      4%         N/A       100%        7
 Infestation              Necr           4%         N/A       100%        8
 Sublimation of Blood     Necr           Unusable   N/A       N/A         2

Dungeon Overview and Level Annotations

Branches:
Dungeon (12/15)            Temple (1/1) D:5            Lair (0/6) D:8
    Orc (0/2) D:11        Gauntlet (visited)

Altars:
Ashenzari
Cheibriados
Dithmenos
Elyvilon
Gozag
Hepliaklqana
Makhleb
Nemelex Xobeh
Okawaru
Qazlal
Ru
Sif Muna
Trog
Uskayaw
Vehumet
Xom
Yredelemnul
Zin
The Shining One

Shops:
D:9 !   D:12 *

Annotations:
D:7 1 runed translucent door, MirrMurr's ghost, novice GnHu
D:12 Rupert


Innate Abilities, Weirdness & Mutations

You are immune to sickness and miasma.
Your stone body is resilient. (AC +8)
You are immune to poison.
You resist negative energy. (rN+)
You are resistant to electric shocks. (rElec)
You are resistant to unholy torment.
You are immune to petrification.
Your magical capacity is low. (-10% MP)
You are very robust. (+20% HP)


Message History

Casting: Stone Arrow (safe; 1% risk of failure)
Confirm with . or Enter, or press ? or * to list all spells.
You don't have enough magic to cast this spell.
Casting: Stone Arrow (safe; 1% risk of failure)
Confirm with . or Enter, or press ? or * to list all spells.
You don't have enough magic to cast this spell.
Unknown command.
Casting: Stone Arrow (safe; 1% risk of failure)
Confirm with . or Enter, or press ? or * to list all spells.
You don't have enough magic to cast this spell.
Casting: Stone Arrow (safe; 1% risk of failure)
Confirm with . or Enter, or press ? or * to list all spells.
You don't have enough magic to cast this spell.
Casting: Stone Arrow (safe; 1% risk of failure)
Confirm with . or Enter, or press ? or * to list all spells.
You don't have enough magic to cast this spell.
Casting: Stone Arrow (safe; 1% risk of failure)
Confirm with . or Enter, or press ? or * to list all spells.
You don't have enough magic to cast this spell.
Casting: Stone Arrow (safe; 1% risk of failure)
Confirm with . or Enter, or press ? or * to list all spells.
You don't have enough magic to cast this spell.
Casting: Stone Arrow (safe; 1% risk of failure)
Confirm with . or Enter, or press ? or * to list all spells.
Aiming: Sandblast (safe; 1% risk of failure)
Press: ? - help, Shift-Dir - straight line, f/p - Rupert
Aim: Rupert, wielding a +2 vorpal battleaxe and wearing a +0 leather armour (severely wounded, berserk, 84% to hit)
The blast of sand hits Rupert!!
Rupert is almost dead.
Rupert hits you with a +2 vorpal battleaxe!
Unknown command.
Really quaff the potion of lignification?
Okay, then.
Unknown command.
You hit Rupert.
Rupert is almost dead.
Rupert hits you with a +2 vorpal battleaxe!!
* * * LOW HITPOINT WARNING * * *
x2 Rupert hits you with a +2 vorpal battleaxe!!
You die...

* ## ************ .##
*,,,,,,,,,,* ..#
*,...,,,,,,###### }.#
*,....,,,,,#....# ..#
*,,...,,,,,#....# .#*
**###.######....# .##
#.............#
..###*###.....>@@.....#
.....,................#
..#.#***#.............####
.##.* #................#
.##.* ##.............##.#
.##.####......##......##.#
....#......#.###.........#
...†.<.......# #..>...####
............####......#


You could see Rupert (berserk).

Vanquished Creatures
  A minotaur (Gauntlet)
  Fannar (D:10)
  A catoblepas (D:10)
  4 two-headed ogres
  3 death yaks (D:8)
  A wolf spider (Gauntlet)
  4 ugly things
  A moth of wrath (Gauntlet)
  A komodo dragon (D:12)
  A kobold demonologist (D:11)
  2 unseen horrors
  Maggie (D:9)
  4 trolls
  A slime creature (D:10)
  2 redbacks (Gauntlet)
  A vampire (D:11)
  A wyvern (D:10)
  3 wraiths
  11 yaks
  6 vampire mosquitoes
  2 water moccasins
  A sky beast (D:3)
  4 orc warriors
  2 ogres
  3 black bears
  2 necrophages
  3 centaurs
  3 phantoms
  2 kobold brigands
  4 bullfrogs
  7 scorpions
  2 wyvern zombies (D:6)
  A wyvern skeleton (D:6)
  2 troll zombies (D:11)
  6 killer bees
  3 wights (D:9)
  3 howler monkeys
  2 crimson imps (Gauntlet)
  6 centaur zombies
  2 bullfrog zombies (D:6)
  A bullfrog skeleton (D:6)
  A hound (D:5)
  A jelly (D:8)
  A gnoll shaman (D:4)
  3 orc priests
  Natasha (thrice) (D:2)
  2 iguanas
  7 orc wizards
  2 killer bee zombies (D:6)
  6 ogre zombies (D:11)
  2 hound skeletons
  8 gnolls (D:4)
  10 adders
  3 white imps
  An ufetubus (D:7)
  2 worms
  30 orcs
  6 ball pythons
  8 endoplasms
  8 giant cockroaches
  3 goblins
  7 hobgoblins
  4 jackals
  A quokka (D:2)
  4 bats
  5 frilled lizards
  A goblin zombie (D:11)
  5 hobgoblin zombies (D:11)
  11 kobolds
  5 orc skeletons (D:11)
  14 orc zombies (D:11)
  4 rats
279 creatures vanquished.

Vanquished Creatures (others)
  A yak (D:10)
  19 demonic plants (Gauntlet)
  A fungus (D:6)
  3 plants (D:2)
  3 toadstools (D:6)
  2 withered plants (D:7)
29 creatures vanquished.

Grand Total: 308 creatures vanquished

Notes
Turn   | Place    | Note
-------+----------+-------------------------------------------
     0 | D:1      | vjdnkdk the Gargoyle Earth Elementalist began the quest for
                  | the Orb.
     0 | D:1      | Reached XP level 1. HP: 10/10 MP: 3/3
   286 | D:1      | Reached XP level 2. HP: 15/15 MP: 3/5
   287 | D:1      | Reached skill level 4 in Earth Magic
   701 | D:1      | Found a faded altar of an unknown god.
  1192 | D:2      | Reached XP level 3. HP: 19/19 MP: 4/7
  1196 | D:2      | Learned a level 3 spell: Stone Arrow
  1600 | D:2      | Noticed Natasha
  1602 | D:2      | Reached skill level 1 in Conjurations
  1609 | D:2      | Killed Natasha
  1610 | D:2      | Reached XP level 4. HP: 8/24 MP: 2/8
  1960 | D:2      | Noticed Natasha
  1965 | D:2      | Killed Natasha
  1966 | D:2      | Reached skill level 5 in Earth Magic
  2104 | D:2      | Noticed Natasha
  2111 | D:2      | Killed Natasha
  2112 | D:2      | Reached XP level 5. HP: 15/28 MP: 3/10
  2299 | D:2      | Learned a level 5 spell: Yara's Violent Unravelling
  2387 | D:3      | Noticed a sky beast
  2412 | D:3      | Killed a sky beast
  2413 | D:3      | Reached skill level 1 in Hexes
  2413 | D:3      | Reached skill level 1 in Transmutations
  2413 | D:3      | Reached XP level 6. HP: 13/32 MP: 4/11
  3391 | D:3      | Found a snail-covered altar of Cheibriados.
  4276 | D:4      | Noticed a black bear
  4288 | D:4      | Killed a black bear
  4289 | D:4      | Reached XP level 7. HP: 36/36 MP: 4/13
  4365 | D:4      | Reached skill level 6 in Earth Magic
  4603 | D:5      | Entered Level 5 of the Dungeon
  5063 | D:5      | Identified a scroll of acquirement
  5063 | D:5      | Acquired 643 gold pieces
  5126 | D:5      | Found a staircase to the Ecumenical Temple.
  5139 | Temple   | Entered the Ecumenical Temple
  5221 | Temple   | Became a worshipper of Vehumet
  5298 | D:5      | Found a white marble altar of Elyvilon.
  5298 | D:5      | Found a broken altar of Ashenzari.
  5336 | D:5      | Found a sparkling altar of Nemelex Xobeh.
  5336 | D:5      | Found an iron altar of Okawaru.
  5338 | D:5      | Found a shimmering blue altar of Sif Muna.
  5338 | D:5      | Found a bloodstained altar of Trog.
  5450 | D:5      | Reached XP level 8. HP: 41/41 MP: 11/14
  5471 | D:5      | Found a runed translucent door.
  5473 | D:5      | Found a runed translucent door.
  6052 | D:5      | Reached skill level 7 in Earth Magic
  6233 | D:5      | Reached skill level 5 in Spellcasting
  6388 | D:6      | Reached skill level 5 in Conjurations
  6661 | D:6      | Reached XP level 9. HP: 21/45 MP: 9/16
  6667 | D:6      | Reached * piety under Vehumet
  6667 | D:6      | Offered knowledge of Shock by Vehumet.
  6890 | D:6      | Found a basalt altar of Yredelemnul.
  7538 | D:6      | Reached skill level 8 in Earth Magic
  8100 | D:7      | Noticed a purple ugly thing
  8127 | D:7      | Killed a purple ugly thing
  8128 | D:7      | Reached skill level 5 in Hexes
  8677 | D:7      | Found a runed translucent door.
  8677 | D:7      | Noticed MirrMurr's ghost (novice GnHu)
  8793 | D:7      | Found a sacrificial altar of Ru.
  8794 | D:7      | Found a shadowy altar of Dithmenos.
  8803 | D:7      | Reached XP level 10. HP: 50/50 MP: 4/19
  9322 | D:8      | Found a shimmering altar of Xom.
  9377 | D:8      | Noticed a death yak
  9378 | D:8      | Found a staircase to the Lair.
  9436 | D:8      | Killed a death yak
  9437 | D:8      | Reached skill level 1 in Fighting
  9437 | D:8      | Reached skill level 1 in Maces & Flails
  9437 | D:8      | Reached skill level 1 in Armour
  9625 | D:8      | Noticed a death yak
  9625 | D:8      | Noticed a death yak
  9637 | D:8      | Reached skill level 1 in Evocations
  9639 | D:8      | Killed a death yak
  9640 | D:8      | Reached skill level 5 in Transmutations
  9640 | D:8      | Reached skill level 9 in Earth Magic
  9644 | D:8      | Reached ** piety under Vehumet
  9647 | D:8      | Killed a death yak
  9955 | D:8      | Offered knowledge of Poisonous Vapours by Vehumet.
 10100 | D:8      | Acquired 1198 gold pieces
 10616 | D:9      | Reached XP level 11. HP: 59/59 MP: 10/21
 10881 | D:9      | Found Ibrilior's Distillery.
 10890 | D:9      | Bought 2 potions of curing for 66 gold pieces
 10890 | D:9      | Bought a potion of mutation for 88 gold pieces
 10890 | D:9      | Bought 2 potions of curing for 66 gold pieces
 10890 | D:9      | Bought a potion of curing for 33 gold pieces
 10890 | D:9      | Bought a potion of curing for 33 gold pieces
 10890 | D:9      | Bought a potion of curing for 33 gold pieces
 10890 | D:9      | Bought a potion of haste for 110 gold pieces
 10890 | D:9      | Bought a potion of curing for 33 gold pieces
 10890 | D:9      | Gained mutation: Your magical capacity is low. (-10% MP)
                  | [potion of mutation]
 10890 | D:9      | Gained mutation: You are robust. (+10% HP) [potion of
                  | mutation]
 10890 | D:9      | Gained mutation: You are very robust. (+20% HP) [potion of
                  | mutation]
 10954 | D:9      | Found a stormy altar of Qazlal.
 11020 | D:9      | Noticed a two-headed ogre
 11026 | D:9      | Killed a two-headed ogre
 11142 | D:9      | Noticed Maggie
 11147 | D:9      | Killed Maggie
 11941 | D:10     | Entered Level 10 of the Dungeon
 12025 | D:10     | Noticed Fannar
 12027 | D:10     | Noticed a brown ugly thing
 12035 | D:10     | Killed Fannar
 12775 | D:10     | Noticed a catoblepas
 12788 | D:10     | Killed a catoblepas
 12917 | D:10     | Killed a brown ugly thing
 13062 | D:10     | Found a hide-covered altar of Uskayaw.
 13083 | D:10     | Noticed a two-headed ogre
 13092 | D:10     | Killed a two-headed ogre
 13131 | D:10     | Offered knowledge of Ignite Poison by Vehumet.
 13133 | D:10     | Noticed a two-headed ogre
 13155 | D:10     | Killed a two-headed ogre
 13156 | D:10     | Reached skill level 10 in Earth Magic
 13180 | D:10     | Reached XP level 12. HP: 53/80 MP: 11/20
 13460 | D:10     | Found a portal to a secret trove of treasure.
 13509 | D:10     | You paid a toll of 16 potions of curing to enter a treasure
                  | trove
 13510 | Trove    | Entered a treasure trove
 13536 | Trove    | Got the Compendium of Darkness and the Mountains
 13551 | Trove    | Learned a level 5 spell: Irradiate
 13562 | Trove    | Got Borgnjor's Reference Book on Black Arts
 13570 | Trove    | Got Sif Muna's Tome of the Rocks
 13586 | Trove    | Got Sif Muna's Disquisition on Calling and Attacks
 13594 | Trove    | Got Sif Muna's Tome of Malediction
 13623 | Trove    | Learned a level 6 spell: Iron Shot
 13756 | D:10     | Reached *** piety under Vehumet
 13945 | D:11     | Found a gate leading to a gauntlet.
 13953 | Gauntlet | Entered a Gauntlet
 13953 | Gauntlet | Found a transporter.
 13966 | Gauntlet | Found a transporter.
 13977 | Gauntlet | Found a transporter.
 13979 | Gauntlet | Noticed a wretched star
 13982 | Gauntlet | Found a transporter.
 13997 | Gauntlet | Found a transporter.
 14016 | Gauntlet | Found a transporter.
 14027 | Gauntlet | Noticed a reaper
 14028 | Gauntlet | Found a transporter.
 14036 | Gauntlet | Noticed a blizzard demon
 14037 | Gauntlet | Found a transporter.
 14050 | Gauntlet | Noticed a blizzard demon
 14052 | Gauntlet | Found a transporter.
 14058 | Gauntlet | Found a transporter.
 14073 | Gauntlet | Found a transporter.
 14076 | Gauntlet | Noticed a large abomination
 14090 | Gauntlet | Found a transporter.
 14109 | Gauntlet | Found a transporter.
 14134 | Gauntlet | Found a transporter.
 14136 | Gauntlet | Found a transporter.
 14156 | Gauntlet | Found a transporter.
 14234 | Gauntlet | Found a transporter.
 14254 | Gauntlet | Found a transporter.
 14539 | Gauntlet | Learned a level 5 spell: Lee's Rapid Deconstruction
 14833 | Gauntlet | Identified the +0 helmet of Wu Jian's Wrath {rPois rN+}
 14883 | Gauntlet | Identified the amulet "Juddoy" {rF+ rC+ Regen+ rCorr}
 14883 | Gauntlet | Noticed a minotaur
 14923 | Gauntlet | Killed a minotaur
 15033 | Gauntlet | Identified the amulet "Nyda Nam" {Spirit rF+}
 15062 | D:11     | Reached skill level 5 in Armour
 15232 | D:11     | Noticed a two-headed ogre
 15246 | D:11     | Killed a two-headed ogre
 15247 | D:11     | Reached skill level 5 in Fighting
 15361 | D:11     | Found a staircase to the Orcish Mines.
 15368 | D:11     | Offered knowledge of Dazzling Flash by Vehumet.
 15368 | D:11     | Reached **** piety under Vehumet
 15600 | D:11     | Offered knowledge of Iskenderun's Battlesphere by Vehumet.
 16159 | D:12     | Noticed Rupert
 16172 | D:12     | Paralysed by Rupert for 3 turns
 16443 | D:11     | Reached skill level 5 in Maces & Flails
 16682 | D:12     | Found Cikhuatz's General Store.
 16800 | D:12     | Slain by Rupert

Illustrated notes

Levels and vault maps discovered:
D:1:      denvon_arrival_planthouse, layout_basic,
          chequers_ecumenical_altar_lobes, st_stairs_12, minivault_27
D:2:      layout_rooms, serial_forest, infiniplex_forest_corner_1,
          infiniplex_forest_straight_4, infiniplex_forest_zigzag_2,
          infiniplex_forest_lined_2, infiniplex_forest_clump_curved,
          infiniplex_forest_end_double, infiniplex_forest_lined_ring,
          uniq_natasha
D:3:      layout_basic, nicolae_overflow_hidden_temple
D:4:      layout_cave_pools
D:5:      lemuel_insect_pit, layout_basic, grunt_temple_overflow_open,
          minmay_temple_entry_large_hall
D:6:      layout_gridville, nicolae_yredelemnul_corpse_copse,
          minmay_gold_behind_fungi
D:7:      kennysheep_big_flooded_room, layout_loops_ring, jmf_multi_god_temple,
          gammafunk_ghost_grave
D:8:      layout_basic, mainiacjoe_overflow_small_starburst, dpeg_lair_monsters,
          st_stairs_9
D:9:      layout_basic, nicolae_qazlal_eye_of_the_storm, serial_shops,
          nicolae_shop_waterfront, uniq_maggie
D:10:     layout_rooms, mainiacjoe_overflow_paths,
          nicolae_trove_entry_free_sample, minmay_bent, uniq_fannar
D:11:     layout_irregular_city, zombieorc2_lemuel, gauntlet_entry_generic
D:12:     layout_rooms, serial_shops, kennysheep_mini, uniq_rupert,
          uniq_josephine
Temple:   nicolae_temple_figure_zero

Skill      XL: |  1  2  3  4  5  6  7  8  9 10 11 12 |
---------------+-------------------------------------+-----
Earth Magic    | 4 5 6 7 8 9 10 | 10.5
Conjurations   | 1 2 3 4 5 6 7 8 |  8.7
Spellcasting   | 3 4 5 6 7 8 |  8.0
Hexes          | 1 2 3 5 6 7 |  7.0
Transmutations | 1 2 3 4 5 |  5.0
Fighting       | 2 4 5 |  5.4
Maces & Flails | 2 4 5 |  5.1
Armour         | 2 4 5 |  5.5
Dodging        | 2 3 4 |  4.5
Evocations     | 2 3 4 |  4.5
Stealth        | |  2.1

Action                   |  1- 3 |  4- 6 |  7- 9 | 10-12 || total
-------------------------+-------+-------+-------+-------++-------
Melee: Unarmed           |     8 |       |       |       ||     8
       Dagger            |    58 |    72 |       |       ||   130
       Mace              |       |       |   155 |   232 ||   387
       Demon whip        |       |       |       |   202 ||   202
 Cast: Sandblast         |    27 |    68 |    89 |    31 ||   215
       Stone Arrow       |       |       |    30 |   124 ||   154
       Iron Shot         |       |       |       |    19 ||    19
       Lee's Rapid Decon |       |       |       |     9 ||     9
       Yara's Violent Un |       |       |       |     2 ||     2
Evoke: Wand              |       |       |     8 |    10 ||    18
  Use: Scroll            |     4 |     4 |     6 |    20 ||    34
       Potion            |       |       |     2 |    10 ||    12
 Stab: Distracted        |       |     1 |       |       ||     1
       Paralysed         |       |       |     6 |       ||     6
       Sleeping          |       |       |       |     1 ||     1
Armor: Robe              |    43 |    43 |   112 |    49 ||   247
       Steam dragon scal |       |       |       |   316 ||   316
Dodge: Dodged            |    66 |    35 |   212 |   714 ||  1027

Table legend: (Time is in decaauts)
 A = Elapsed time spent in this place.
 B = Non-inter-level travel time spent in this place.
 C = Inter-level travel time spent in this place.
 D = Time resting spent in this place.
 E = Time spent auto-exploring this place.
 F = Levels seen in this place.
 G = Mean time per level.
                   A        B        C        D        E       F      G
               +--------+--------+--------+--------+--------+-----+--------+
         Total |  16870 |  16320 |    550 |   2215 |  10892 |  15 | 1124.7 |
       Dungeon |  15595 |  15058 |    537 |   1753 |  10552 |  12 | 1299.6 |
        Temple |     95 |     82 |     13 |      0 |     75 |   1 |   95.0 |
         Trove |    114 |    114 |      0 |      0 |      0 |   1 |  114.0 |
      Gauntlet |   1064 |   1064 |      0 |    462 |    265 |   1 | 1064.0 |
               +--------+--------+--------+--------+--------+-----+--------+

Top non-repeatable levels by time:
     D:9: 1985 daAuts
     D:5: 1694 daAuts
     D:6: 1636 daAuts
    D:11: 1472 daAuts
     D:8: 1402 daAuts
     D:3: 1390 daAuts
     D:2: 1311 daAuts
    D:10: 1287 daAuts
     D:7: 1221 daAuts
Gauntlet: 1064 daAuts
     D:1: 995 daAuts
     D:4: 905 daAuts
    D:12: 291 daAuts
   Trove: 114 daAuts
  Temple: 95 daAuts
